Map: Deathaura LE

Players

A.I. 1 (Medium)

  • Race: Zerg Zerg
  • Spawn Location: 11:00

ViBE - Winner!

  • Race: Zerg Zerg
  • League: Grandmaster
  • Spawn Location: 5:00

VOD

https://www.youtube.com/watch?v=GZyGH4hDzMs&t=55m1s

Description

Time

  • Played on: Nov. 18, 2020, 1:24 a.m.
  • Length: 10:49
Show
View Real Time Build Order
Export as new Build Order

A.I. 1 (Medium) Zerg 

Build Orders: 1 Base Baneling Bust, Pool First 

Get SALT Encoding   

  12  0:00  Drone  
  13  0:12  Overlord  
  13  0:16  Drone  
  14  0:31  Drone  
  14  0:33  Drone  
  16  0:43  Spawning Pool  
  16  0:45  Drone  
  16  0:49  Drone  
  17  0:52  Extractor  
  17  0:56  Drone  
  17  1:06  Overlord  
  17  1:30  Queen  
  17  1:31  Zergling x2  
  20  1:35  Zergling x2  
  20  1:38  Drone  
  20  1:39  Roach Warren  
  21  1:44  Baneling Nest  
  21  1:46  Extractor  
  19  1:51  Drone  
  20  2:00  Drone  
  21  2:11  Drone  
  22  2:21  Zergling x2  
  23  2:29  Baneling x2  
  23  2:32  Zergling x2  
  23  2:36  Zergling x2, Overlord  
  25  2:40  Zergling x2  
  25  2:44  Zergling x2  
  27  2:54  Zergling x2  
  27  2:58  Baneling x2  
  28  3:05  Zergling x2  
  29  3:09  Zergling x2  
  29  3:10  Evolution Chamber, Drone  
  31  3:12  Drone  
  31  3:17  Drone  
  32  3:27  Overlord  
  32  3:38  Drone  
  34  3:41  Drone  
  34  3:44  Drone  
  34  3:47  Drone  
  36  4:56  Roach, Overlord, Lair, Drone  
  36  4:58  Spore Crawler  
  36  4:59  Spore Crawler, Drone  
  38  5:02  Drone  
  39  5:08  Roach  
  41  5:14  Drone  
  41  5:16  Overlord  
  41  5:20  Ravager, Roach  
  45  5:28  Spine Crawler  
  44  5:30  Drone  
  44  5:33  Ravager  
  44  5:34  Roach  
  38  5:45  Spine Crawler  
  38  5:46  Zergling x2, Drone  
  39  5:53  Overseer x2  
  39  5:54  Queen  
  41  5:59  Hydralisk Den  
  41  6:02  Infestation Pit  
  39  6:04  Drone  
  40  6:17  Spire  
  39  6:19  Drone  
  40  6:26  Evolution Chamber  
  40  6:27  Drone  
  40  6:28  Hydralisk  
  42  6:35  Hatchery  
  41  6:40  Hydralisk  
  43  6:52  Hydralisk  
  45  7:04  Hydralisk  
  47  7:47  Queen, Drone  
  47  7:50  Drone  
  51  7:52  Drone  
  51  7:55  Drone  
  51  7:56  Extractor  
  53  7:58  Drone  
  53  8:00  Spore Crawler  
  53  8:01  Drone  
  53  8:02  Spore Crawler  
  53  8:04  Drone  
  53  8:05  Spore Crawler  
  52  8:06  Overlord, Overseer  
  52  8:07  Drone  
  52  8:10  Drone  
  54  8:13  Drone  
  54  8:16  Drone  
  54  8:18  Drone  
  57  8:21  Drone  
  57  8:24  Drone  
  59  8:27  Spine Crawler, Drone  
  59  8:28  Spine Crawler  
  59  8:30  Drone  
  59  8:33  Drone  
  60  8:36  Drone  
  60  8:37  Overlord  
  61  8:43  Drone  
  61  8:46  Drone  
  63  8:49  Drone  
  63  8:51  Drone  
  63  8:54  Drone  
  66  8:57  Drone  
  66  8:59  Overlord  
  64  9:06  Drone  
  64  9:07  Zergling x2  
  53  9:14  Zergling x2  
  53  9:15  Overseer  
  51  9:17  Mutalisk  
  51  9:19  Overlord  
  51  9:22  Mutalisk  
  53  9:31  Baneling  
  53  9:32  Baneling  
  53  9:35  Hydralisk  
  35  9:43  Roach  
  24  9:57  Drone  
  15  10:00  Drone  
  15  10:04  Drone  
  4  10:15  Drone  
  4  10:18  Drone  
Show
View Real Time Build Order
Export as new Build Order

ViBE Zerg - Winner!

Build Orders: Hatch First, Roach Hydra 

Get SALT Encoding   

  12  0:00  Drone  
  13  0:15  Overlord  
  13  0:18  Drone  
  14  0:34  Drone x2  
  16  0:48  Hatchery  
  15  0:52  Drone  
  15  0:55  Drone  
  17  1:00  Drone  
  18  1:12  Spawning Pool  
  18  1:17  Drone  
  18  1:22  Drone  
  19  1:31  Drone  
  20  1:32  Extractor  
  19  1:43  Drone  
  20  1:59  Overlord  
  20  2:01  Queen x2  
  20  2:05  Drone x2  
  26  2:15  Drone  
  26  2:16  Drone  
  28  2:24  Overlord  
  28  2:27  Drone  
  29  2:36  Drone  
  29  2:37  Queen, Drone  
  31  2:39  Lair  
  33  2:44  Drone  
  33  2:51  Drone  
  35  2:57  Overlord  
  35  3:02  Drone  
  36  3:09  Drone x5  
  36  3:10  Drone  
  42  3:17  Roach Warren, Evolution Chamber  
  42  3:19  Evolution Chamber  
  39  3:21  Drone x3  
  39  3:24  Extractor  
  39  3:26  Extractor  
  39  3:27  Drone  
  41  3:38  Drone  
  41  3:39  Drone x2  
  44  3:47  Drone x4  
  48  3:53  Overlord x2  
  48  3:56  Glial Reconstitution  
  48  3:58  Zerg Missile Weapons Level 1  
  48  4:02  Roach  
  52  4:03  Roach  
  52  4:09  Hatchery  
  51  4:12  Roach  
  51  4:16  Roach x2  
  57  4:23  Roach  
  57  4:24  Roach x2  
  63  4:29  Overlord  
  63  4:30  Drone  
  63  4:31  Drone  
  65  4:32  Drone  
  65  4:35  Drone  
  67  4:45  Drone  
  68  4:46  Zerg Ground Armor Level 1  
  68  4:52  Drone x6  
  74  4:55  Drone x2  
  76  5:03  Overlord  
  76  5:07  Overlord  
  76  5:09  Hydralisk Den  
  76  5:10  Overlord  
  75  5:25  Drone x8  
  75  5:26  Drone  
  84  5:30  Extractor x2  
  84  5:34  Queen  
  82  5:37  Drone x3  
  85  5:49  Hatchery  
  84  5:51  Drone  
  84  5:52  Drone  
  86  5:58  Extractor  
  86  6:00  Drone x3  
  86  6:02  Hydralisk  
  86  6:03  Hydralisk x8  
  106  6:13  Grooved Spines  
  106  6:14  Zerg Missile Weapons Level 2  
  106  6:16  Overlord  
  106  6:17  Overlord x3  
  106  6:31  Overlord x3  
  106  6:38  Hydralisk x7  
  120  6:52  Drone x7  
  127  6:57  Drone  
  127  7:01  Zerg Ground Armor Level 2  
  128  7:07  Infestation Pit, Drone  
  128  7:09  Drone x6  
  128  7:10  Drone x3  
  128  7:13  Extractor  
  128  7:14  Drone  
  137  7:15  Drone  
  137  7:16  Drone x3  
  137  7:17  Extractor  
  140  7:27  Hydralisk x4  
  148  7:37  Hydralisk  
  148  7:38  Hydralisk x8  
  148  7:42  Overseer  
  166  7:48  Muscular Augments  
  166  7:55  Hydralisk  
  166  7:56  Overlord x4  
  166  7:57  Overlord x3  
  168  8:03  Hive  
  168  8:15  Roach x11  
  168  8:16  Hydralisk  
  192  8:23  Hydralisk  
  194  8:27  Hydralisk x3  
  194  8:30  Roach  
  194  8:32  Hatchery  
  193  9:06  Hydralisk x6  
  197  9:10  Hydralisk  
  199  9:39  Lurker Den  
  199  9:40  Spire  
  199  9:45  Drone x2  
  199  9:51  Drone  
  200  10:01  Hydralisk  
Tags
 
Add a new tag
Caveats
  • Supply blocks, unpowered buildings, or Contaminate may cause inaccurate times.
  • Supply counts are checked every 10 seconds.